 Dungeon Crawl Stone Soup version 0.27-a0-1191-g601b473118 (webtiles) character file.

Game seed: 7774986401361900091

353 EldarEldrad the Chopper (level 6, 0/36 (51) HPs)
             Began as a Hill Orc Fighter on May 24, 2021.
             Was a Follower of Zin.
             Slain by a scorpion (2 damage)
             ... on level 4 of the Dungeon.
             The game lasted 00:21:39 (5424 turns).

EldarEldrad the Chopper (Hill Orc Fighter)          Turns: 5424, Time: 00:21:40

HP:   0/36 (51)     AC:  7    Str: 20    XL:     6   Next: 62%
MP:   0/6           EV:  7    Int:  8    God:    Zin [*.....]
Gold: 32            SH:  9    Dex: 11    Spells: 5/5 levels left

rFire    . . .     SeeInvis .   a - +0 war axe
rCold    . . .     Faith    .   c - +0 kite shield
rNeg     . . .     Spirit   +   n - +0 scale mail
rPois    +         Reflect  .   (no helmet)
rElec    .         Harm     .   (no cloak)
rCorr    .         Rampage  .   (no gloves)
Will     .....                  (no boots)
Stlth    ..........             e - amulet of guardian spirit
HPRegen  0.12/turn              o - ring of poison resistance
MPRegen  0.10/turn              (no ring)

@: very heavily drained
A: no striking features
a: Renounce Religion, Recite, Donate Gold


You were on level 4 of the Dungeon.
You worshipped Zin.
Zin was aware of your devotion.
You visited 1 branch of the dungeon, and saw 4 of its levels.

You collected 205 gold pieces.
You spent 143 gold pieces at shops.
You donated 30 gold pieces to Zin.

Inventory:

Hand Weapons
 a - a +0 war axe (weapon)
 b - a +0 flail
Armour
 c - a +0 kite shield (worn)
 n - a +0 scale mail (worn)
Jewellery
 e - an amulet of guardian spirit (around neck)
 o - a ring of poison resistance (left hand)
Wands
 h - a wand of digging (5)
Scrolls
 g - 2 scrolls of noise
 j - 2 scrolls of fog
 l - 3 scrolls of teleportation
 m - 3 scrolls of amnesia {unknown}
 p - a scroll of vulnerability {unknown}
 q - a scroll of acquirement {unknown}
 r - a scroll of summoning {unknown}
Potions
 d - a potion of mutation
 f - a potion of berserk rage
 i - a potion of ambrosia
 k - 2 potions of lignification


   Skills:
 - Level 3.6 Fighting
 * Level 6.6 Axes
 + Level 4.8 Armour
 + Level 4.8 Shields


You had 5 spell levels left.
You didn't know any spells.
Your spell library contained the following spells:

 Spells                   Type           Power      Damage    Failure   Level
 Magic Dart               Conj           0%         1d3       99%         1
 Searing Ray              Conj           0%         3d3       100%        2
 Dazzling Flash           Conj/Hex       0%         N/A       100%        3
 Fulminant Prism          Conj/Hex       0%         3d6       100%        4
 Iskenderun's Mystic Bla  Conj/Tloc      0%         2d3       100%        4


Dungeon Overview and Level Annotations

Branches:
Dungeon (4/15)
 Temple: D:4-7

Altars:
Dithmenos
Elyvilon
Fedhas
Gozag
Hepliaklqana
Kikubaaqudgha
Makhleb
Nemelex Xobeh
Okawaru
Yredelemnul
Zin

Shops:
D:2 ?   D:4 :


Message History

You hit the scorpion.
The scorpion is moderately wounded.
You block the scorpion's attack. x2
You barely miss the scorpion.
The scorpion is moderately wounded.
You block the scorpion's attack. The scorpion stings you.
You are poisoned.
The scorpion poisons you!
You hit the scorpion.
The scorpion is heavily wounded.
You feel very sick. You block the scorpion's attack.
You hit the scorpion but do no damage.
The scorpion is heavily wounded.
You feel sick. The scorpion stings you. You block the scorpion's attack.
You closely miss the scorpion.
The scorpion is heavily wounded.
You feel sick. The scorpion stings you. x2
You completely miss the scorpion.
The scorpion is heavily wounded.
You feel sick. The scorpion stings you.
* * * LOW HITPOINT WARNING * * *
You hit the scorpion but do no damage.
The scorpion is heavily wounded.
You feel sick.
You are no longer poisoned.
You block the scorpion's attack. x2
You barely miss the scorpion.
The scorpion is heavily wounded.
The scorpion stings you.
* * * LOW HITPOINT WARNING * * *
The scorpion stings you.
* * * LOW HITPOINT WARNING * * *
You hit the scorpion.
The scorpion is almost dead.
You block the scorpion's attack.
You barely miss the scorpion.
The scorpion is almost dead.
The scorpion stings you.
You die...

......# ......#
##... ......#
#####...# #.....
.......
......... .....
.......
........# ##...
.......
......... ...
..####.
........# #.###
..#
........####...#
..#
.......s@......#
..#
...............#
..#
...............#
..#
.....#######...#
.. ..# .....
.........##....
....
###............
...
#....#########
...
#............#
############.#


You could see a scorpion.

Vanquished Creatures
  A bullfrog (D:4)
  A bullfrog skeleton (D:4)
  Ijyb (D:3)
  3 adders
  11 gnolls
  An ufetubus (D:3)
  2 worms
  8 orcs
  9 bats
  2 endoplasms
  5 giant cockroaches
  4 goblins (D:1)
  8 hobgoblins
  4 jackals (D:1)
  4 quokkas
  7 ball pythons
  2 frilled lizards
  6 kobolds
  12 rats
91 creatures vanquished.

Notes
Turn   | Place    | Note
-------+----------+-------------------------------------------
     0 | D:1      | EldarEldrad the Hill Orc Fighter began the quest for the
                  | Orb.
     0 | D:1      | Reached XP level 1. HP: 19/19 MP: 1/1
   119 | D:1      | Reached skill level 3 in Axes
   278 | D:1      | Reached XP level 2. HP: 26/26 MP: 2/2
   735 | D:1      | Reached XP level 3. HP: 28/31 MP: 3/3
   838 | D:1      | Found a faded altar of an unknown god.
  1312 | D:2      | Found Xiote's Magic Scroll Boutique.
  1316 | D:2      | Bought a scroll of teleportation for 33 gold pieces
  1316 | D:2      | Bought a scroll of identify for 22 gold pieces
  1498 | D:2      | Reached skill level 4 in Axes
  1505 | D:2      | Reached XP level 4. HP: 30/39 MP: 4/4
  2177 | D:2      | Reached skill level 5 in Axes
  2271 | D:2      | Reached XP level 5. HP: 19/45 MP: 5/5
  3503 | D:3      | Found a burning altar of Makhleb.
  3519 | D:3      | Found an opulent altar of Gozag.
  3522 | D:3      | Found a shadowy altar of Dithmenos.
  3522 | D:3      | Found an iron altar of Okawaru.
  3522 | D:3      | Found a hazy altar of Hepliaklqana.
  3522 | D:3      | Found a glowing silver altar of Zin.
  3525 | D:3      | Found a sparkling altar of Nemelex Xobeh.
  3533 | D:3      | Became a worshipper of Zin the Law-Giver
  3535 | D:3      | Found a white marble altar of Elyvilon.
  3539 | D:3      | Found a basalt altar of Yredelemnul.
  3726 | D:3      | Noticed Ijyb
  3778 | D:3      | Killed Ijyb
  3931 | D:3      | Reached * piety under Zin
  4533 | D:3      | Reached skill level 6 in Axes
  4533 | D:3      | Reached XP level 6. HP: 21/21 MP: 6/6
  4642 | D:2      | Bought 3 scrolls of identify for 66 gold pieces
  4642 | D:2      | Bought a scroll of fog for 22 gold pieces
  4642 | D:2      | Donated 15 gold pieces to Zin
  5023 | D:4      | Found a blossoming altar of Fedhas.
  5025 | D:4      | Found an ancient bone altar of Kikubaaqudgha.
  5090 | D:4      | Found Denajodghyf's Book Emporium.
  5155 | D:4      | Found a glowing drain.
  5424 | D:4      | Slain by a scorpion

Illustrated notes

Levels and vault maps discovered:
D:1:      dpeg_arrival_short_road, layout_loops_corners,
          hellmonk_ecumenical_altar_prayer_group
D:2:      layout_basic, serial_shops, shop, minmay_rat_gold_closets
D:3:      layout_basic, minitemple, minmay_statues_item, grunt_decor_fettered,
          uniq_ijyb
D:4:      minmay_door_path, layout_basic,
          grunt_temple_overflow_growth_and_decay, serial_shops, shop,
          gup_sewer_entry_pipe

Skill      XL: |  1  2  3  4  5 |
---------------+----------------+-----
Axes           | 3 4 5 6 |  6.6
Armour         | 4 |  4.8
Shields        | 4 |  4.8
Fighting       | |  3.6

Action                   |  1- 3 |  4- 6 || total
-------------------------+-------+-------++-------
Melee: War axe           |   115 |   270 ||   385
Invok: Donate Gold       |       |     1 ||     1
Evoke: Wand              |       |     1 ||     1
  Use: Scroll            |     4 |     4 ||     8
       Potion            |       |     5 ||     5
Armor: Scale mail        |    48 |    89 ||   137
Dodge: Dodged            |    40 |    72 ||   112
Block: Kite shield       |    66 |   125 ||   191

Table legend: (Time is in decaauts)
 A = Elapsed time spent in this place.
 B = Non-inter-level travel time spent in this place.
 C = Inter-level travel time spent in this place.
 D = Time resting spent in this place.
 E = Time spent auto-exploring this place.
 F = Levels seen in this place.
 G = Mean time per level.
                   A        B        C        D        E       F      G
               +--------+--------+--------+--------+--------+-----+--------+
         Total |   5618 |   5268 |    350 |   1004 |   2865 |   4 | 1404.5 |
       Dungeon |   5618 |   5268 |    350 |   1004 |   2865 |   4 | 1404.5 |
               +--------+--------+--------+--------+--------+-----+--------+

Top non-repeatable levels by time:
     D:2: 2150 daAuts
     D:3: 1507 daAuts
     D:1: 1385 daAuts
     D:4: 575 daAuts
